 Dungeon Crawl Stone Soup version 0.20-a0-465-g6513c8f (console) character file.

27821 Lordarticus the Impaler (level 13, -18/130 HPs)
             Began as a Merfolk Abyssal Knight on Jan 13, 2017.
             Was a Priest of Lugonu.
             Demolished by a tyrant leech (26 damage)
             ... on level 6 of the Lair of Beasts.
             The game lasted 01:01:54 (18390 turns).

Lordarticus the Impaler (Merfolk Abyssal Knight)   Turns: 18390, Time: 01:01:54

Health: -18/130    AC: 18    Str: 12      XL:     13   Next: 34%
Magic:  17/21      EV: 27    Int:  6 (10) God:    Lugonu [***...]
Gold:   472        SH:  7    Dex: 23      Spells: 11/12 levels left

rFire  + + .     SeeInvis .     J - +3 trident (protect)
rCold  . . .     Gourm    .     L - +2 steam dragon scales
rNeg   . . .     Faith    .     D - +0 shield
rPois  +         Spirit   .     K - +2 hat
rElec  .         Reflect  .     n - +0 cloak
rCorr  .         Harm     +     m - +1 pair of gloves
MR     .....                    A - +0 pair of boots
Stlth  +++.......               Q - amulet of harm
                                j - +3 ring of protection
                                r - ring of poison resistance

@: agile
A: change form in water, swift swim, stealthy swim, yellow scales 1, dopey 1,
fire resistance 2, robust 2, wild magic 1
a: Depart the Abyss, Bend Space, Banish, Renounce Religion


You were on level 6 of the Lair of Beasts.
You worshipped Lugonu.
Lugonu was most pleased with you.
You were very hungry.

You visited 2 branches of the dungeon, and saw 16 of its levels.
You visited the Abyss 2 times.
You also visited: Sewer.

You collected 934 gold pieces.
You spent 462 gold pieces at shops.

Inventory:

Hand Weapons
 a - a +2 spear
 J - a +3 trident of protection (weapon)
Missiles
 y - 10 tomahawks (quivered)
Armour
 b - a +1 leather armour
 m - a +1 pair of gloves (worn)
 n - a +0 cloak (worn)
 A - a +0 pair of boots (worn)
 D - a +0 shield (worn)
 K - a +2 hat (worn)
 L - +2 steam dragon scales (worn)
Jewellery
 i - an uncursed ring of see invisible
 j - a +3 ring of protection (right hand)
 r - a ring of poison resistance (left hand)
 Q - an amulet of harm (around neck)
 Y - a +2 ring of evasion
Wands
 e - a wand of iceblast (0/15)
 v - a wand of random effects (6/48)
 C - a wand of acid (1/15)
 H - a wand of flame (16/48)
 I - a wand of enslavement (14/24)
 M - a wand of confusion (30/48)
 P - a wand of polymorph (0/24)
 R - a wand of lightning (5/15)
 T - a wand of flame (14/48)
 U - a wand of random effects (22/48)
Scrolls
 k - a scroll of enchant weapon
 q - 5 scrolls of remove curse
 t - 2 scrolls of amnesia
 x - 4 scrolls of magic mapping
 F - 2 scrolls of fog
Potions
 d - 2 potions of flight
 f - 2 potions of brilliance
 o - 5 potions of curing
 p - 2 potions of cancellation
 s - a potion of resistance
 u - 2 potions of cure mutation
 w - a potion of lignification
 z - a potion of magic
Books
 W - a book of Party Tricks

   Spells                             Type                      Level
   a - Summon Butterflies             Summoning                    1
   b - Apportation                    Translocation                1
   c - Lesser Beckoning               Translocation                3
   d - Tukima's Dance                 Hexes                        3
   e - Alistair's Intoxication        Transmutation/Poison         5
   f - Invisibility                   Hexes                        6
Comestibles
 c - 6 bread rations
 l - 8 meat rations
 G - 4 fruits


   Skills:
 * Level 12.4 Fighting
 * Level 17.1 Polearms
 - Level 0.6 Armour
 * Level 13.2 Dodging
 * Level 11.5 Invocations


You had 11 spell levels left.
You knew the following spells:

 Your Spells              Type           Power        Failure   Level  Hunger
a - Apportation           Tloc           #.........   100%        1    ##.....


Dungeon Overview and Level Annotations

Branches:
Dungeon (10/15)            Temple (0/1) D:6            Lair (5/6) D:9
 Shoals (0/4) Lair:3        Snake (0/4) Lair:2        Slime (0/5) Lair:5
    Orc: D:9-12

Altars:
Cheibriados
Elyvilon
Kikubaaqudgha
Makhleb
Okawaru
Ru
Uskayaw
Vehumet
Yredelemnul
Jiyva

Shops:
D:6 (   D:7 =   D:9 =

Annotations:
Lair:5 exclusion: 4 oklob plants
Lair:6 1 runed door


Innate Abilities, Weirdness & Mutations

You revert to your normal form in water.
You are very nimble and swift while swimming.
You are very stealthy in the water. (Stealth+)
You are partially covered in yellow scales. (AC +2)
You are dopey. (Int -2)
Your flesh is very heat resistant. (rF++)
You are very robust. (+20% HP)
Your spells are a little harder to cast, but a little more powerful.


Message History

The tyrant leech completely misses you.
Okay, then.
Space bends around you!
You blink.
A torpor snail comes into view.
Being near the torpor snail leaves you feeling lethargic.
Found a scroll of magic mapping.
The hornet stings the plant!
The hornet stings the plant.
The hornet stings the plant but does no damage.
The hornet stings the plant.
The hornet stings the plant but does no damage.
The hornet completely misses the plant.
A tyrant leech comes into view.
The hornet stings something!
Found a long sword.
You see here a scroll of magic mapping.
You block the tyrant leech's attack.
You feel yourself speed up. The tyrant leech misses you.
The tyrant leech bites you!!
You die...

#.[.y.## ##=y..)##
#..#### ##.#.PPP
#..##.# ##.#"..##
##...## #.#...#
##...####...#
##.w.#....##
######.......####
##...##.#....w.#.##
#..@..##.###..§.#.##
##.w.)#### ##§§...##
#.w### ####w§#.....
#?.w####P.yy§###...
##..w..y..yk## ##..
###..wy##### #.#
###### ###


You could see 3 tyrant leeches.

Vanquished Creatures
  A hydra (Lair:4)
  A two-headed ogre (D:8)
  8 death yaks
  Pikel (D:5)
  6 black mambas
  10 spiny frogs
  A rust devil (Abyss:1)
  4 torpor snails
  A demonic crawler (Abyss:1)
  4 rime drakes
  2 komodo dragons
  2 polar bears (Lair:5)
  A tyrant leech (Lair:6)
  3 hornets (Lair:6)
  4 blink frogs
  5 hippogriffs
  2 wyverns
  A basilisk (Lair:1)
  Grum (D:9)
  2 small abominations (Abyss:1)
  2 steam dragons
  A naga (Lair:2)
  13 water moccasins
  21 porcupines
  2 black bears
  A slave (D:5)
  A necrophage (D:8)
  An orc warrior (D:6)
  A phantom (D:8)
  11 wolves
  5 centaurs
  2 ogres
  2 big kobolds
  5 crocodiles
  12 bullfrogs
  A scorpion (D:8)
  4 wights (D:7)
  4 howler monkeys
  3 electric eels (Lair:5)
  A centaur zombie (D:5)
  5 crimson imps
  A quasit (Abyss:1)
  2 orc priests
  A jelly (D:8)
  A bullfrog skeleton (D:7)
  4 orc wizards
  An iguana (D:7)
  A hell rat (Lair:5)
  7 worker ants
  2 hound skeletons
  A howler monkey zombie (D:7)
  18 adders
  A river rat (D:9)
  2 shadow imps
  2 oozes (D:1)
  2 adder skeletons
  2 adder zombies
  3 worms (D:2)
  4 leopard geckos
  26 orcs
  7 giant cockroaches
  7 goblins
  9 hobgoblins
  6 jackals
  5 quokkas
  A ball python (D:3)
  14 bats
  11 frilled lizards
  A jackal zombie (D:3)
  14 kobolds
  A leopard gecko skeleton (D:3)
  A leopard gecko zombie (D:3)
  A quokka skeleton (D:7)
  A quokka zombie (D:5)
  7 rats
325 creatures vanquished.

Vanquished Creatures (collateral kills)
  A blink frog (Lair:1)
1 creature vanquished.

Vanquished Creatures (others)
  A sixfirhy (D:7)
  A human (D:3)
  An adder skeleton (D:7)
  A leopard gecko (D:7)
  A quokka (D:7)
  5 fungi
  24 plants
34 creatures vanquished.

Grand Total: 360 creatures vanquished

Notes
Turn   | Place    | Note
-------+----------+-------------------------------------------
     0 | Abyss:1  | Lordarticus the Merfolk Abyssal Knight began the quest for the Orb.
     0 | Abyss:1  | Reached XP level 1. HP: 18/18 MP: 2/2
    59 | Abyss:1  | Noticed a neqoxec
    65 | Abyss:1  | Gained mutation: You are dopey. (Int -2) [a neqoxec]
    80 | Abyss:1  | Noticed a vampire
    87 | Abyss:1  | Noticed a raiju
    88 | D:1      | Escaped the Abyss
   313 | D:1      | Reached skill level 4 in Polearms
   313 | D:1      | Reached XP level 2. HP: 20/24 MP: 3/3
   403 | D:1      | Reached * piety under Lugonu
  1019 | D:1      | Reached skill level 5 in Polearms
  1019 | D:1      | Reached XP level 3. HP: 26/29 MP: 4/4
  1282 | D:2      | Reached skill level 6 in Polearms
  1405 | D:2      | Reached XP level 4. HP: 35/35 MP: 5/5
  1505 | D:2      | Found a snail-covered altar of Cheibriados.
  2256 | D:2      | Reached ** piety under Lugonu
  2294 | D:2      | Gained mutation: You are robust. (+10% HP) [potion of mutation]
  2294 | D:2      | Gained mutation: You expend magic power (3 MP) to strengthen your wands. [potion of mutation]
  2294 | D:2      | Gained mutation: You are agile. (Dex +2) [potion of mutation]
  2586 | D:3      | Reached skill level 7 in Polearms
  2595 | D:3      | Reached XP level 5. HP: 42/45 MP: 6/6
  2707 | D:3      | Found an ancient bone altar of Kikubaaqudgha.
  2708 | D:3      | Noticed a human
  2710 | D:3      | Killed a human
  3032 | D:3      | Found a burning altar of Makhleb.
  3045 | D:3      | Reached skill level 8 in Polearms
  3185 | D:4      | Found an iron altar of Okawaru.
  3269 | D:4      | Reached XP level 6. HP: 49/53 MP: 7/7
  3725 | D:4      | Reached skill level 5 in Fighting
  3956 | D:5      | Entered Level 5 of the Dungeon
  3973 | D:5      | Reached skill level 9 in Polearms
  3973 | D:5      | Reached XP level 7. HP: 60/61 MP: 8/8
  4061 | D:5      | Found a hide-covered altar of Uskayaw.
  4074 | D:5      | Noticed a hand axe
  4077 | D:5      | Noticed a hand axe
  4088 | D:5      | Found a glowing drain.
  4111 | D:5      | Reached *** piety under Lugonu
  4118 | Sewer    | Entered a sewer
  5631 | D:5      | Reached skill level 10 in Polearms
  5780 | D:5      | Noticed Pikel
  5802 | D:5      | Killed Pikel
  5802 | D:5      | Reached XP level 8. HP: 63/68 MP: 1/11
  6033 | D:6      | Got a crude whip
  6034 | D:6      | Identified the +5 whip of Ascent {venom, Fragile rF+ MR++ Str+4} (You found it on level 6 of the Dungeon)
  6062 | D:6      | Found a staircase to the Ecumenical Temple.
  6066 | D:6      | Reached skill level 11 in Polearms
  6519 | D:6      | Found a radiant altar of Vehumet.
  6563 | D:6      | Found Bumos's Weapon Boutique.
  6566 | D:6      | Bought a +2 trident of venom for 210 gold pieces
  6624 | D:6      | Reached skill level 5 in Invocations
  6910 | D:7      | Reached XP level 9. HP: 74/74 MP: 12/12
  6924 | D:7      | Found a white marble altar of Elyvilon.
  7002 | D:7      | Found Aplirghai's Jewellery Shoppe.
  7059 | D:7      | Reached **** piety under Lugonu
  7177 | D:7      | Reached skill level 12 in Polearms
  7849 | D:7      | Found a runed door.
  7853 | D:7      | Noticed a sixfirhy
  7858 | D:7      | Banished a sixfirhy
  8244 | D:7      | Found a sacrificial altar of Ru.
  8526 | D:8      | Found a basalt altar of Yredelemnul.
  8604 | D:8      | Noticed a two-headed ogre
  8616 | D:8      | Killed a two-headed ogre
  8616 | D:8      | Reached skill level 13 in Polearms
  8616 | D:8      | Reached XP level 10. HP: 79/88 MP: 6/15
  8916 | D:8      | Lost mutation: You expend magic power (3 MP) to strengthen your wands. [potion of cure mutation]
  8916 | D:8      | Lost mutation: You are agile. (Dex +2) [potion of cure mutation]
  8951 | D:8      | Gained mutation: You are very robust. (+20% HP) [potion of mutation]
  8951 | D:8      | Gained mutation: Your spells are a little harder to cast, but a little more powerful. [potion of mutation]
  8952 | D:8      | Lost mutation: You are dopey. (Int -2) [potion of mutation]
  8952 | D:8      | Gained mutation: Your flesh is heat resistant. (rF+) [potion of mutation]
  8952 | D:8      | Gained mutation: Your flesh is very heat resistant. (rF++) [potion of mutation]
  9054 | D:9      | Noticed a death yak
  9059 | D:9      | Banished a death yak
  9061 | D:9      | Noticed a death yak
  9074 | D:9      | Noticed a death yak
  9419 | D:9      | Found Dolixoz's Jewellery Emporium.
  9442 | D:9      | Bought a +3 ring of protection for 252 gold pieces
  9534 | D:9      | Noticed Grum
  9559 | D:10     | Entered Level 10 of the Dungeon
  9758 | D:9      | Killed Grum
  9758 | D:9      | Reached skill level 14 in Polearms
  9937 | D:9      | Killed a death yak
  9945 | D:9      | Killed a death yak
  9945 | D:9      | Reached XP level 11. HP: 51/106 MP: 17/17
  9987 | D:9      | Found a staircase to the Lair.
 10290 | Lair:1   | Entered Level 1 of the Lair of Beasts
 10923 | Lair:1   | Reached skill level 15 in Polearms
 10984 | Lair:2   | Reached skill level 10 in Fighting
 11342 | Lair:2   | Reached skill level 10 in Dodging
 12428 | Lair:2   | Reached ***** piety under Lugonu
 12458 | Lair:2   | Found a staircase to the Snake Pit.
 12786 | Lair:2   | Reached XP level 12. HP: 97/118 MP: 19/19
 12873 | Lair:2   | Gained mutation: You are partially covered in yellow scales. (AC +2) [potion of mutation]
 12873 | Lair:2   | Gained mutation: You are dopey. (Int -2) [potion of mutation]
 13261 | Lair:3   | Found a staircase to the Shoals.
 13290 | Lair:3   | Reached skill level 10 in Invocations
 14090 | Lair:4   | Noticed a death yak
 14090 | Lair:4   | Noticed a death yak
 14090 | Lair:4   | Noticed a death yak
 14091 | Lair:4   | Noticed a death yak
 14134 | Lair:3   | Killed a death yak
 14147 | Lair:3   | Killed a death yak
 14510 | Lair:4   | Reached skill level 16 in Polearms
 14647 | Lair:4   | Killed a death yak
 14959 | Lair:4   | Killed a death yak
 15360 | Lair:4   | Found a runed door.
 15575 | Lair:4   | Noticed a four-headed hydra
 15583 | Lair:4   | Killed a four-headed hydra
 16323 | Lair:5   | Noticed a death yak
 16339 | Lair:5   | Noticed a death yak
 16364 | Lair:5   | Killed a death yak
 16364 | Lair:5   | Reached XP level 13. HP: 75/129 MP: 21/21
 17070 | Lair:5   | Found a staircase to the Slime Pits.
 17070 | Lair:5   | Found a viscous altar of Jiyva.
 17550 | Lair:5   | Learned a level 1 spell: Apportation
 17603 | Lair:5   | You fall through a shaft!
 17603 | Lair:6   | Entered Level 6 of the Lair of Beasts
 17746 | Lair:6   | Found a runed door.
 17999 | Lair:6   | Reached skill level 17 in Polearms
 18365 | Lair:6   | Escaped the Abyss
 18381 | Lair:6   | HP: 6/130 [hornet (1)]
 18390 | Lair:6   | Demolished by a tyrant leech

Vault maps used:
D:1:      dpeg_arrival_water_temple_mockup, kennysheep_pointless_box,
          st_stairs_14
D:2:      lemuel_crystal_altar, st_stairs_10, minmay_octomino_j4
D:3:      makhleb_grotto_becter, serial_undead, serial_undead_c,
          serial_undead_a, serial_undead_f, serial_undead_e, first_bread,
          tgw_kikubaaqudgha
D:4:      okawaru_gym_becter, dk_noncrumbling_3
D:5:      dancing_weapons_uskayaw, portal_sewer_entry_f, uniq_pikel
D:6:      vehumet_altar_wand_db, serial_shops, kennysheep_mini
D:7:      cheibrodos_shockbox, elyvilon_altar_4, lemuel_doored_altar,
          serial_shops, nicolae_shop_trees
D:8:      old_standard_altar
D:9:      dpeg_lair_monsters, serial_shops, nicolae_shop_crystal,
          serial_bayou_pond_e, uniq_grum
Lair:2:   minmay_snake_entry_six_corridors, beast_lair_carwin_7
Lair:3:   elwin_shoals_entry_rocks
Lair:4:   pf_torpor_hydra, grunt_megastairs_4
Lair:5:   slime_altar_1, zaba_antful_of_joy, minmay_lair_oklob_chamber,
          serial_bayou_shore_a
Lair:6:   hangedman_lair_caniforms_friends, wormcave, serial_bayou_shore_b
Sewer:    sewer_big_baddie

Skill      XL: |  1  2  3  4  5  6  7  8  9 10 11 12 13 |
---------------+----------------------------------------+-----
Polearms       | 4 5 6 7 8 9 10 11 13 14 15 16 17 | 17.1
Fighting       | 4 5 7 9 10 12 | 12.4
Dodging        | 3 6 7 8 11 12 13 | 13.2
Invocations    | 4 5 7 8 9 11 | 11.5
Armour         | |  0.6

Action                   |  1- 3 |  4- 6 |  7- 9 | 10-12 | 13-15 || total
-------------------------+-------+-------+-------+-------+-------++-------
Melee: Spear             |   115 |   260 |   207 |       |       ||   582
       Tailslap          |       |       |     3 |     2 |     1 ||     6
       Whip              |       |       |    13 |       |       ||    13
       Trident           |       |       |   153 |   751 |   263 ||  1167
Throw: Tomahawk          |       |       |     8 |     2 |       ||    10
Invok: Depart the Abyss  |     1 |       |       |       |     1 ||     2
       Bend Space        |       |     1 |     1 |     8 |    21 ||    31
       Banish            |       |       |     3 |     1 |     1 ||     5
       Enter the Abyss   |       |       |       |       |     1 ||     1
Evoke: Wand              |       |     3 |    11 |    27 |     5 ||    46
  Use: Scroll            |       |    14 |     8 |    16 |     4 ||    42
       Potion            |       |     2 |     1 |     9 |    10 ||    22
 Stab: Sleeping          |     1 |     3 |     1 |     4 |     1 ||    10
       Distracted        |       |       |     1 |       |       ||     1
       Invisible         |       |       |       |       |     3 ||     3
  Eat: Chunk             |     2 |     8 |     7 |    17 |     5 ||    39
       Beef jerky        |       |       |     2 |     1 |       ||     3
       Pizza             |       |       |     1 |     2 |     1 ||     4
       Meat ration       |       |       |     1 |       |       ||     1
       Fruit             |       |       |       |     3 |       ||     3
Armor: Leather armour    |    12 |    42 |    59 |       |       ||   113
       Steam dragon scal |       |       |    15 |   154 |   107 ||   276
Dodge: Dodged            |    54 |    99 |   146 |   410 |   351 ||  1060
Block: Shield            |       |       |    61 |   189 |   159 ||   409
